 Dungeon Crawl Stone Soup version 0.26.1-11-gd32895ea62 (webtiles) character file.

Game seed: 4734036409487944373

4237 Cykl0x the Carver (level 10, 0/84 HPs)
             Began as a Minotaur Fighter on June 10, 2021.
             Was a Priest of the Shining One.
             Slain by Grum
             ... wielding a +1 spear
              (20 damage)
             ... on level 9 of the Dungeon on June 11, 2021.
             The game lasted 00:11:30 (8699 turns).

Cykl0x the Carver (Minotaur Fighter)                Turns: 8699, Time: 00:11:31

Health: 0/84       AC: 13    Str: 24    XL:     10   Next: 9%
Magic:  13/13      EV:  6    Int:  5    God:    the Shining One [***...]
Gold:   499        SH: 12    Dex: 10    Spells: 9/9 levels left

rFire    . . .     SeeInvis .   a - +1 long sword
rCold    + . .     Faith    .   c - +1 kite shield
rNeg     + . .     Spirit   .   n - +0 plate armour
rPois    .         Reflect  .   (helmet restricted)
rElec    .         Harm     .   (no cloak)
rCorr    .         Rampage  .   (no gloves)
Will     .....                  (no boots)
Stlth    ..........             (no amulet)
HPRegen  0.24/turn              (no ring)
MPRegen  0.13/turn              k - ring of protection from cold

@: glowing
A: retaliatory headbutt, horns 2
a: Renounce Religion, Divine Shield


You were on level 9 of the Dungeon.
You worshipped the Shining One.
The Shining One was most pleased with you.
You visited 2 branches of the dungeon, and saw 10 of its levels.
You also visited: Sewer.

You collected 499 gold pieces.

Inventory:

Hand Weapons
 a - a +1 long sword (weapon)
 h - a +0 dagger of electrocution
Missiles
 l - 3 boomerangs (quivered)
 o - 354 stones
 v - 20 poisoned darts
Armour
 c - a +1 kite shield (worn)
 n - a +0 plate armour (worn)
Jewellery
 k - a ring of protection from cold (right hand)
 A - an uncursed ring of fire
Wands
 s - a wand of iceblast (15)
 z - a wand of polymorph (7)
Scrolls
 b - 2 scrolls of blinking
 p - 4 scrolls of enchant weapon
 q - a scroll of fog
 r - 6 scrolls of teleportation
 t - 2 scrolls of identify
 u - 4 scrolls of remove curse
 w - a scroll of summoning
 x - a scroll of enchant armour
 y - 2 scrolls of magic mapping
Potions
 d - 3 potions of might
 e - 5 potions of flight
 f - 2 potions of mutation
 g - a potion of berserk rage
 i - 4 potions of heal wounds
 j - 6 potions of curing
 m - a potion of lignification
 B - a potion of magic
 C - 2 potions of attraction


   Skills:
 + Level 6.7 Fighting
 + Level 10.6 Long Blades
 + Level 2.6 Throwing
 + Level 7.6 Armour
 + Level 2.2 Dodging
 + Level 8.3 Shields
 * Level 5.4 Invocations


You had 9 spell levels left.
You didn't know any spells.
Your spell library contained the following spells:

 Spells                   Type           Power        Failure   Level
 Apportation              Tloc           0%           100%        1
 Summon Small Mammal      Summ           0%           100%        1
 Call Imp                 Summ           0%           100%        2
 Call Canine Familiar     Summ           0%           100%        3
 Lesser Beckoning         Tloc           0%           100%        3
 Summon Guardian Golem    Hex/Summ       0%           100%        3
 Tukima's Dance           Hex            0%           100%        3
 Summon Ice Beast         Ice/Summ       0%           100%        4
 Summon Lightning Spire   Summ/Air       0%           100%        4
 Alistair's Intoxication  Tmut/Pois      0%           100%        5
 Invisibility             Hex            0%           100%        6


Dungeon Overview and Level Annotations

Branches:
Dungeon (9/15)             Temple (1/1) D:4            Lair (0/6) D:8
  Sewer (visited)
    Orc: D:9-12

Altars:
Cheibriados
Dithmenos
Elyvilon
Kikubaaqudgha
Makhleb
Nemelex Xobeh
Qazlal
Ru
Sif Muna
Trog
Uskayaw
Wu Jian
Xom
Yredelemnul
Zin
The Shining One

Shops:
D:9 [

Portals:
Abyss: D:4

Annotations:
D:5 2 transporters, vovch's ghost, amateur MiFi
D:9 Grum


Innate Abilities, Weirdness & Mutations

You reflexively headbutt those who attack you in melee.
You have a pair of horns on your head.


Message History

The centaur zombie hits you but does no damage.
You barely miss the wolf.
The wolf is severely wounded.
The sentinel's mark upon you fades away.
Grum drinks a potion.
Grum seems to grow stronger.
You block the wolf's attack.
The centaur zombie hits you but does no damage.
You closely miss the wolf.
The wolf is severely wounded.
The wolf bites you but does no damage.
Grum hits you from afar with a +1 spear!!
* * * LOW HITPOINT WARNING * * *
You block the centaur zombie's attack. The wolf bites you but does no damage.
You block the sky beast's attack. The wolf closely misses you.
You furiously retaliate!
You headbutt the wolf, but do no damage.
You riposte.
Your shield prevents you from hitting the wolf.
The wolf is severely wounded.
Grum hits you with a +1 spear!!
You die...

# #.... #...# #..##
#. #....
#...##..... #.
#.... #..........
#..#)...
#......._..
#..#....
#...(....$.
#.......
#..........
#..#.... #
#...g....##
#..#....
#.####†Y@..........
#....
#.......h..........
#<..(
#...^...Z....!###.
#....
#.####........#
#...#....
#..####..#
#...#.... #..# #..#
#...#.... #. #..#
#..# #...#....
#.####..#
#..###...#....
#.......#
#........#....


You could see Grum (strong), a sky beast, a wolf and a centaur zombie.

Vanquished Creatures
  Psyche (D:9)
  Sigmund (D:4)
  2 yaks (D:8)
  3 small abominations (D:4)
  A black bear (D:9)
  2 orc warriors
  An ice beast (D:9)
  3 necrophages
  2 ogres
  2 wolves (D:9)
  A phantom (D:6)
  A centaur (D:8)
  A big kobold (Sewer)
  Blork the orc (D:4)
  6 bullfrogs
  4 scorpions
  The ghost of MatrixGlitch the Sneak, a weakling HODe of Dithmenos (D:4)
  A water moccasin skeleton (D:4)
  4 howler monkeys
  A centaur zombie (D:5)
  7 hounds
  2 orc priests
  7 jellies
  An orc wizard (D:7)
  3 centaur skeletons
  2 iguanas
  10 worker ants
  A worker ant zombie (D:5)
  A howler monkey zombie (D:8)
  15 adders
  A river rat (D:4)
  A shadow imp (D:5)
  A white imp (D:3)
  4 ufetubi
  2 oozes
  An adder skeleton (D:4)
  2 worms
  3 leopard geckos
  25 orcs
  11 giant cockroaches
  9 goblins
  4 hobgoblins (D:1)
  8 jackals
  6 quokkas
  3 ball pythons
  9 bats
  9 frilled lizards
  15 kobolds
  A leopard gecko skeleton (D:8)
  12 rats
215 creatures vanquished.

Vanquished Creatures (others)
  8 fungi (D:8)
  4 plants (D:8)
12 creatures vanquished.

Grand Total: 227 creatures vanquished

Notes
Turn   | Place    | Note
-------+----------+-------------------------------------------
     0 | D:1      | Cykl0x the Minotaur Fighter began the quest for the Orb.
     0 | D:1      | Reached XP level 1. HP: 19/19 MP: 0/0
    51 | D:1      | Reached XP level 2. HP: 22/27 MP: 1/1
   819 | D:2      | Reached XP level 3. HP: 27/33 MP: 2/2
   826 | D:2      | Reached skill level 1 in Dodging
  1307 | D:2      | Reached skill level 3 in Long Blades
  1341 | D:2      | Reached XP level 4. HP: 40/40 MP: 3/3
  1918 | D:3      | Reached skill level 1 in Throwing
  2325 | D:3      | Reached XP level 5. HP: 22/46 MP: 4/4
  2332 | D:3      | HP: 2/46 [ooze (2)]
  2530 | D:3      | Found a shimmering blue altar of Sif Muna.
  2530 | D:3      | Found a snail-covered altar of Cheibriados.
  2786 | D:4      | Found a staircase to the Ecumenical Temple.
  2796 | Temple   | Entered the Ecumenical Temple
  2800 | Temple   | Reached skill level 4 in Long Blades
  2854 | Temple   | Became a worshipper of the Shining One
  2921 | D:4      | Noticed Blork the orc
  2930 | D:4      | Reached skill level 5 in Shields
  2933 | D:4      | Killed Blork the orc
  2934 | D:4      | Reached XP level 6. HP: 43/52 MP: 5/5
  2954 | D:4      | Reached skill level 1 in Invocations
  3024 | D:4      | Found a glowing drain.
  3045 | Sewer    | Entered a sewer
  3194 | Sewer    | Found a white marble altar of Elyvilon.
  3335 | D:4      | Reached skill level 5 in Long Blades
  3335 | D:4      | Reached skill level 5 in Armour
  3352 | D:4      | Found a one-way gate to the infinite horrors of the Abyss.
  3352 | D:4      | Found a transporter.
  3352 | D:4      | Noticed a small abomination
  3352 | D:4      | Noticed MatrixGlitch's ghost (weakling HODe)
  3371 | D:4      | Found a transporter.
  3501 | D:4      | Noticed Sigmund
  3505 | D:4      | Found a shadowy altar of Dithmenos.
  3508 | D:4      | Killed Sigmund
  3509 | D:4      | Reached XP level 7. HP: 59/59 MP: 7/7
  3850 | D:4      | Reached * piety under the Shining One
  3864 | D:4      | Found a white marble altar of Elyvilon.
  3931 | D:4      | Found a basalt altar of Yredelemnul.
  4195 | D:4      | Killed MatrixGlitch's ghost
  4196 | D:4      | Reached skill level 6 in Long Blades
  4339 | D:5      | Entered Level 5 of the Dungeon
  4349 | D:5      | Reached XP level 8. HP: 67/67 MP: 9/9
  4435 | D:5      | Found a transporter.
  4447 | D:5      | Found a transporter.
  4447 | D:5      | Noticed vovch's ghost (amateur MiFi)
  4505 | D:5      | Reached skill level 7 in Long Blades
  4806 | D:5      | Found a sparkling altar of Nemelex Xobeh.
  4948 | D:5      | Reached skill level 5 in Fighting
  5222 | D:6      | Reached skill level 8 in Long Blades
  5591 | D:6      | Reached ** piety under the Shining One
  6573 | D:7      | Reached XP level 9. HP: 74/75 MP: 11/11
  6968 | D:8      | Reached skill level 9 in Long Blades
  7222 | D:8      | Found a staircase to the Lair.
  8036 | D:9      | Reached skill level 10 in Long Blades
  8142 | D:9      | Noticed Psyche
  8159 | D:9      | Killed Psyche
  8160 | D:9      | Reached skill level 5 in Invocations
  8383 | D:9      | Found Yritec's Antique Armour Shoppe.
  8605 | D:9      | Reached XP level 10. HP: 75/84 MP: 12/12
  8672 | D:9      | Found a hide-covered altar of Uskayaw.
  8689 | D:9      | Noticed Grum
  8691 | D:9      | Reached *** piety under the Shining One
  8699 | D:9      | Slain by Grum

Illustrated notes

Levels and vault maps discovered:
D:1:      amcnicky_arrival_flooded_fountain, layout_loops_ring,
          chequers_serial_rivers_micro_b, minmay_tromino_v2
D:2:      layout_loops_ring
D:3:      minmay_chambers_of_twos, layout_basic,
          gammafunk_temple_overflow_elements, kennysheep_boxes
D:4:      layout_loops_ring, kennysheep_ying_yang,
          nicolae_dithmenos_through_a_glass_darkly,
          minmay_temple_entry_drinking_statues, gammafunk_ghost_abyssal_escape,
          portal_sewer_entry_e, uniq_sigmund, uniq_blork_the_orc
D:5:      layout_loops_ring, gammafunk_ghost_hive, st_stairs_14,
          nemelex_lonely_heart_becter
D:6:      layout_basic, nrook_campfire
D:7:      layout_loops_ring
D:8:      layout_gridville, grunt_lair_entry_orc_guard_hut,
          grunt_decor_one_mirror, minmay_stone_trees_small, minmay_microvault
D:9:      layout_long_grid, basic_altar, serial_shops, shop, uniq_psyche,
          uniq_grum
Temple:   minmay_crystal_spiral_temple

Skill      XL: |  1  2  3  4  5  6  7  8  9 |
---------------+----------------------------+-----
Shields        | 4 5 6 7 8 |  8.3
Dodging        | 1 2 |  2.2
Armour         | 4 5 6 7 |  7.6
Long Blades    | 3 4 5 6 8 10 | 10.6
Throwing       | 1 2 |  2.6
Fighting       | 4 5 6 |  6.7
Invocations    | 2 4 5 |  5.4

Action                   |  1- 3 |  4- 6 |  7- 9 | 10-12 || total
-------------------------+-------+-------+-------+-------++-------
Melee: Long sword        |   110 |   178 |   311 |    23 ||   622
       Headbutt          |    12 |    26 |    51 |     1 ||    90
Throw: Boomerang         |    16 |    23 |    14 |     6 ||    59
  Use: Scroll            |     7 |     7 |     6 |       ||    20
       Potion            |       |     2 |     1 |       ||     3
Armor: Scale mail        |    29 |       |       |       ||    29
       Plate armour      |    44 |   148 |   121 |    16 ||   329
Dodge: Dodged            |    22 |    43 |    61 |    13 ||   139
Block: Kite shield       |    49 |   123 |   192 |    30 ||   394
       Rpst.: Long sword |    10 |    11 |    24 |     4 ||    49
